 Dungeon Crawl Stone Soup version 0.28-a0-21-gf74fda84f9 (webtiles) character file.

Game seed: 15104479281595585254

133 freelancePsychic the Magician (level 5, -1/39 HPs)
             Began as a Djinni Summoner on July 26, 2021.
             Slain by a rat (3 damage)
             ... on level 3 of the Dungeon.
             The game lasted 00:05:32 (4743 turns).

freelancePsychic the Magician (Djinni Summoner)     Turns: 4743, Time: 00:05:33

Health: -1/39      AC:  2    Str:  7    XL:     5   Next: 39%
Gold:   106        EV: 12    Int: 18    God:
                   SH:  0    Dex: 13

rFire   + + .      SeeInvis .   m - +1 mace (vorpal)
rCold   x . .      Faith    .   (no shield)
rNeg    . . .      Spirit   .   a - +0 robe
rPois   ∞          Reflect  .   (no helmet)
rElec   .          Harm     .   (no cloak)
rCorr   .          Rampage  .   (no gloves)
Will    .....                   (boots unavailable)
Stlth   ++........              (no amulet)
HPRegen 0.13/turn               (no ring)
MPRegen 0.00/turn               (no ring)

@: flying, very slightly contaminated, invisible
A: sickness immunity, fire resistance 2, cold vulnerability 1, float, innate
caster, hp casting, extra vitality 1
a: no special abilities


You were on level 3 of the Dungeon.
You visited 1 branch of the dungeon, and saw 4 of its levels.

You collected 106 gold pieces.

Inventory:

Hand Weapons
 m - a +1 vorpal mace (weapon)
Missiles
 o - 8 atropa-tipped darts
Armour
 a - a +0 robe (worn)
Jewellery
 c - an amulet of faith
Scrolls
 e - a scroll of noise {unknown}
 f - 2 scrolls of fear
 g - a scroll of enchant weapon
Potions
 d - a potion of curing {unknown}
 h - a potion of heal wounds {unknown}
 i - a potion of berserk rage {unknown}
 j - a potion of flight {unknown}
 k - a potion of invisibility
 n - a potion of brilliance {unknown}


   Skills:
 + Level 2.4 Fighting
 - Level 2.1 Dodging
 - Level 1.5 Stealth
 * Level 4.4 Spellcasting


You couldn't memorise any spells.
You knew the following spells:

 Your Spells              Type           Power      Damage    Failure   Level
a - Summon Small Mammal   Summ           80%        N/A       2%          1
b - Call Imp              Summ           20%        N/A       3%          2
c - Call Canine Familiar  Summ           20%        N/A       7%          3
d - Summon Guardian Gole  Hex/Summ       20%        N/A       7%          3
e - Summon Lightning Spi  Summ/Air       20%        N/A       22%         4
f - Pain                  Necr           80%        1d8       2%          1
g - Poisonous Vapours     Pois/Air       40%        N/A       3%          2
Your spell library was empty.

Dungeon Overview and Level Annotations

Branches:
Dungeon (4/15)
 Temple: D:4-7

Altars:
Uskayaw
Wu Jian


Innate Abilities, Weirdness & Mutations

You are immune to sickness and miasma.
You are immune to poison.
Your flesh is very heat resistant. (rF++)
You are vulnerable to cold. (rC-)
You float through the air rather than walking.
You learn spells naturally, not from books.
Your magical power is your life essence.
You have superior vitality. (+4 HP)


Message History

Poisonous vapours surround the adder!
The adder is poisoned.
You kill the kobold!
You see here a throwing net.
Casting: Poisonous Vapours (safe; 3% risk of failure)
Confirm with . or Enter, or press ? or * to list all spells.
Aiming: Poisonous Vapours (safe; 3% risk of failure)
Press: ? - help, Dir - move target, f/p - adder
Aim: an adder (lightly wounded, poisoned) Poisonous vapours surround the adder!
The adder looks even sicker.
The adder bites you. The adder barely misses you. The adder bites you.
* * * LOW HITPOINT WARNING * * *
Found a stone staircase leading down.
Casting: Poisonous Vapours (safe; 3% risk of failure)
Confirm with . or Enter, or press ? or * to list all spells.
Aiming: Poisonous Vapours (safe; 3% risk of failure)
Press: ? - help, Dir - move target, f/p - adder
Aim: an adder (moderately wounded, poisoned) Poisonous vapours surround the adder!
The adder looks even sicker.
* * * LOW HITPOINT WARNING * * *
The adder bites you.
* * * LOW HITPOINT WARNING * * *
The quokka misses you. The adder bites you but does no damage.
It was a potion of invisibility.
You fade into invisibility!
The quokka barely misses you. The adder bites you but does no damage.
The quokka misses you.
You are very lightly contaminated with residual magic.
The adder closely misses you.
You kill the adder!
The quokka barely misses you.
There is a stone staircase leading down here.
The quokka bites you.
* * * LOW HITPOINT WARNING * * *
You fly downwards. 2 jackals come into view.
Found a robe and a club.
There is a stone staircase leading up here.
You fly upwards.
The rat bites you.
You die...

...... ###..... .......
### #####..... #.#
###...<.)... ...
.............
#.###.#####(#.###..#.#
#.........#.#......#.#
#@r...............
..#####r###...########..
#...........#...# ###
#.............#.# #
#...........###(#
###############.####
.......r...####
...............
...........####


You could see a quokka and a rat.

Vanquished Creatures
  An orc wizard (D:2)
  A gnoll (D:1)
  3 adders
  2 worms
  A dart slug (D:2)
  5 orcs
  7 ball pythons
  4 endoplasms
  2 giant cockroaches (D:1)
  5 goblins
  A hobgoblin (D:2)
  4 quokkas
  2 bats
  7 kobolds
  4 rats
49 creatures vanquished.

Vanquished Creatures (collateral kills)
  2 orcs (D:2)
  2 ball pythons (D:1)
  A hobgoblin (D:1)
  A bat (D:1)
  A rat (D:1)
7 creatures vanquished.

Grand Total: 56 creatures vanquished

Notes
Turn   | Place    | Note
-------+----------+-------------------------------------------
     0 | D:1      | freelancePsychic the Djinni Summoner began the quest for
                  | the Orb.
     0 | D:1      | Reached XP level 1. HP: 15/15 MP: 0/0
   677 | D:1      | Reached XP level 2. HP: 22/22 MP: 0/0
  1103 | D:1      | Found a faded altar of an unknown god.
  1103 | D:1      | Noticed a shining eye
  1106 | D:1      | Reached skill level 1 in Fighting
  1108 | D:1      | Noticed a golden eye
  1108 | D:1      | Noticed an eye of devastation
  1108 | D:1      | Noticed a shining eye
  1309 | D:1      | Reached XP level 3. HP: 4/27 MP: 0/0
  1309 | D:1      | Learned a level 1 spell: Pain
  2579 | D:3      | Reached skill level 4 in Spellcasting
  2579 | D:3      | Reached XP level 4. HP: 22/32 MP: 0/0
  3047 | D:2      | Found a hide-covered altar of Uskayaw.
  3759 | D:2      | Reached XP level 5. HP: 31/38 MP: 0/0
  3759 | D:2      | Learned a level 2 spell: Poisonous Vapours
  4073 | D:3      | Found an ornate altar of the Wu Jian Council.
  4743 | D:3      | Slain by a rat

Illustrated notes

Levels and vault maps discovered:
D:1:      dpeg_arrival_round_c, layout_basic,
          hellmonk_ecumenical_altar_watching_god, nrook_mini_vaults
D:2:      layout_basic, basic_altar
D:3:      layout_basic, lemuel_coloured_pillars_altar, old_standard_altar
D:4:      layout_gridville, jmf_multi_god_temple2, serial_shops, shop_statue,
          nicolae_lakefront_shop, nicolae_diamond_shop, shop, shop

Skill      XL: |  1  2  3  4 |
---------------+-------------+-----
Fighting       | 1 2 |  2.4
Spellcasting   | 4 |  4.4
Dodging        | |  2.1
Stealth        | |  1.5

Action                   |  1- 3 |  4- 6 || total
-------------------------+-------+-------++-------
Melee: Unarmed           |    15 |       ||    15
       Mace              |    46 |     1 ||    47
 Cast: Summon Small Mamm |    12 |       ||    12
       Call Imp          |     4 |       ||     4
       Pain              |    22 |    43 ||    65
       Poisonous Vapours |       |    30 ||    30
  Use: Scroll            |       |     4 ||     4
       Potion            |       |     1 ||     1
 Stab: Sleeping          |     1 |       ||     1
Armor: Robe              |    24 |     5 ||    29
Dodge: Dodged            |    61 |    15 ||    76

Table legend: (Time is in decaauts)
 A = Elapsed time spent in this place.
 B = Non-inter-level travel time spent in this place.
 C = Inter-level travel time spent in this place.
 D = Time resting spent in this place.
 E = Time spent auto-exploring this place.
 F = Levels seen in this place.
 G = Mean time per level.
                   A        B        C        D        E       F      G
               +--------+--------+--------+--------+--------+-----+--------+
         Total |   4764 |   4668 |     96 |    713 |   3463 |   4 | 1191.0 |
       Dungeon |   4764 |   4668 |     96 |    713 |   3463 |   4 | 1191.0 |
               +--------+--------+--------+--------+--------+-----+--------+

Top non-repeatable levels by time:
     D:2: 2064 daAuts
     D:1: 2057 daAuts
     D:3: 640 daAuts
     D:4: 1 daAuts
